 Dungeon Crawl Stone Soup version 0.22-a0-469-gf26638a (webtiles) character file.

120 CougarLife the Chopper (level 4, -4/35 HPs)
             Began as a Demonspawn Fighter on June 12, 2018.
             Slain by Natasha (6 damage)
             ... on level 2 of the Dungeon.
             The game lasted 00:02:31 (2257 turns).

CougarLife the Chopper (Demonspawn Fighter)         Turns: 2257, Time: 00:02:31

Health: -4/35      AC:  6    Str: 17    XL:     4   Next: 75%
Magic:  4/4        EV:  7    Int:  9    God:
Gold:   93         SH:  9    Dex: 13    Spells: 3/3 levels left

rFire    . . .     SeeInvis .   a - +0 war axe
rCold    + . .     Gourm    .   c - +0 shield
rNeg     . . .     Faith    .   b - +0 scale mail
rPois    .         Spirit   .   (no helmet)
rElec    .         Reflect  .   (no cloak)
rCorr    .         Harm     .   (no gloves)
MR       .....                  (no boots)
Stlth    ..........             (no amulet)
HPRegen  0.11/turn              (no ring)
MPRegen  0.09/turn              (no ring)

@: no status effects
A: cold resistance 1
a: no special abilities


You were on level 2 of the Dungeon.
You were hungry.

You visited 1 branch of the dungeon, and saw 2 of its levels.

You collected 93 gold pieces.

Inventory:

Hand Weapons
 a - a +0 war axe (weapon)
Armour
 b - a +0 scale mail (worn)
 c - a +0 shield (worn)
Wands
 n - a wand of digging (8)
Scrolls
 e - 2 scrolls of teleportation {unknown}
 h - a scroll of enchant armour {unknown}
 j - 6 scrolls of identify {unknown}
 k - 2 scrolls of remove curse {unknown}
Potions
 d - a potion of might
 g - a potion of agility {unknown}
 i - a potion of mutation {unknown}
 l - a potion of haste {unknown}
 m - 2 potions of flight {unknown}
 o - a potion of invisibility {unknown}
 q - a potion of ambrosia {unknown}
Comestibles
 f - 3 rations


   Skills:
 - Level 3.0 Fighting
 + Level 4.2 Axes
 - Level 3.0 Armour
 - Level 3.0 Shields


You had 3 spell levels left.
You didn't know any spells.
Your spell library was empty.

Dungeon Overview and Level Annotations

Branches:
Dungeon (2/15)

Altars:
Okawaru

Annotations:
D:2 Natasha


Innate Abilities, Weirdness & Mutations

Your flesh is cold resistant. (rC+)


Message History

The iron imp lashes its tail.
The iron imp hits you but does no damage.
Natasha claws you.
* * * LOW HITPOINT WARNING * * *
The crimson imp hits the plant but does no damage.
Your shield prevents you from hitting Natasha.
Natasha is heavily wounded.
You hit the plant but do no damage. You hit the plant.
You hit the iron imp but do no damage. Natasha casts a spell at you.
The magic dart hits you!
* * * LOW HITPOINT WARNING * * *
The iron imp hits you but does no damage.
The crimson imp hits the plant but does no damage.
You hit Natasha.
Natasha is almost dead.
You hit the plant.
You destroy the plant!
You hit the plant but do no damage. You slash the iron imp! Natasha claws you.
You die...

#.# #.# #.###.# #... #.# #.#
#.....# #.## #.# #.#
#.<#########.# ######
#.#####..........#.# ##.⌠P##
###.⌠.##########.#.#
#♣8...8♣##.8._P..# #.#.#
#....P8.##...5...# #.#.#
#.8P....##.8.h5..# #.#.#
#####.########@#### #.#.#
#.8............P.8♣ #.#.#
###.8P.P...P.P..♣#########.#.#
#####♣8..8.#### #..........#
########..### #.###....###
#.....##..#.# #.# #.#..#
#.###.....#.# #.# #...##
####.####.##...#### #.# ##.##
..##.##...........# #.# #.#


You could see an iron imp, Natasha and a crimson imp.

Vanquished Creatures
  Jessica (D:2)
  Robin (D:2)
  An adder (D:2)
  A worm (D:2)
  2 dart slugs
  A leopard gecko (D:1)
  3 orcs (D:2)
  A ball python (D:2)
  3 bats
  A giant cockroach (D:1)
  17 goblins
  9 hobgoblins
  3 jackals (D:1)
  A quokka (D:2)
  3 frilled lizards (D:1)
  4 kobolds (D:1)
  5 rats (D:1)
  A plant (D:2)
58 creatures vanquished.

Notes
Turn   | Place    | Note
-------+----------+-------------------------------------------
     0 | D:1      | CougarLife the Demonspawn Fighter began the quest for the Orb.
     0 | D:1      | Reached XP level 1. HP: 18/18 MP: 1/1
   169 | D:1      | Gained mutation: Your flesh is cold resistant. (rC+) [demonic ancestry]
   169 | D:1      | Reached XP level 2. HP: 24/24 MP: 2/2
   245 | D:1      | Reached skill level 2 in Axes
   463 | D:1      | Reached XP level 3. HP: 29/29 MP: 3/3
  1217 | D:2      | Reached skill level 3 in Axes
  1355 | D:2      | Found an iron altar of Okawaru.
  1356 | D:2      | Noticed Robin
  1369 | D:2      | Reached XP level 4. HP: 28/35 MP: 4/4
  1376 | D:2      | Killed Robin
  1570 | D:2      | Noticed Jessica
  1575 | D:2      | Killed Jessica
  1575 | D:2      | Reached skill level 4 in Axes
  2236 | D:2      | Found a faded altar of an unknown god.
  2237 | D:2      | Noticed Natasha
  2257 | D:2      | Slain by Natasha

Vault maps used:
D:1:      lordsloth_arrival_two_stooges
D:2:      okawaru_trees_1, chequers_ecumenical_altar_lobes,
          guppyfry_early_orc_mine, uniq_natasha, uniq_robin, uniq_jessica

Skill      XL: |  1  2  3  4 |
---------------+-------------+-----
Shields        | 3 |  3.0
Armour         | 3 |  3.0
Axes           | 2 3 4 |  4.2
Fighting       | |  3.0

Action                   |  1- 3 |  4- 6 || total
-------------------------+-------+-------++-------
Melee: War axe           |   123 |    48 ||   171
  Eat: Chunk             |     2 |     2 ||     4
Armor: Scale mail        |    52 |    24 ||    76
Dodge: Dodged            |    37 |    12 ||    49
Block: Shield            |    68 |    25 ||    93

Table legend:
 A = Spawn XP
 B = Non-spawn XP
 C = Spawn XP percentage of total XP
 D = Spawn monster count
 E = Non-spawn monster count
 F = Spawn count percentage of total count
 G = Total turns spent on level
                    A         B        C        D         E        F      G
               +---------+---------+-------+---------+---------+-------+---------
         Total |       0 |     172 |   0.0 |       0 |      57 |   0.0 |  2257
               +---------+---------+-------+---------+---------+-------+---------
           D:1 |       0 |      49 |   0.0 |       0 |      29 |   0.0 |   878
           D:2 |       0 |     123 |   0.0 |       0 |      28 |   0.0 |  1379
               +---------+---------+-------+---------+---------+-------+---------
